 Dungeon Crawl Stone Soup version 0.27.0-1-g7a089689b8 (webtiles) character file.

Game seed: 6256840877776068585

41 Strat the Ducker (level 3, -1/28 HPs)
             Began as a Merfolk Arcane Marksman on Aug 11, 2021.
             Slain by a worm (6 damage)
             ... on level 2 of the Dungeon.
             The game lasted 00:03:23 (2049 turns).

Strat the Ducker (Merfolk Arcane Marksman)          Turns: 2049, Time: 00:03:24

Health: -1/28      AC:  4    Str: 11    XL:     3   Next: 52%
Magic:  4/4        EV: 13    Int: 12    God:
Gold:   63         SH:  0    Dex: 14    Spells: 1/4 levels left

rFire    . . .     SeeInvis .   f - +0 hand axe
rCold    . . .     Faith    .   (no shield)
rNeg     . . .     Spirit   .   h - +0 leather armour
rPois    .         Reflect  .   l - +0 helmet
rElec    .         Harm     .   (no cloak)
rCorr    .         Rampage  .   (no gloves)
Will     .....                  (no boots)
Stlth    +.........             (no amulet)
HPRegen  0.09/turn              (no ring)
MPRegen  0.09/turn              (no ring)

@: no status effects
A: (nimble swimmer 2), mertail
a: no special abilities


You were on level 2 of the Dungeon.
You visited 1 branch of the dungeon, and saw 2 of its levels.

You collected 63 gold pieces.

Inventory:

Hand Weapons
 e - a +0 dagger
 f - a +0 hand axe (weapon)
Missiles
 b - 5 javelins
 d - 30 stones (quivered)
Armour
 a - a +0 robe
 h - a +0 leather armour (worn)
 l - a +0 helmet (worn)
Jewellery
 k - a ring of protection from cold
Scrolls
 c - a scroll of amnesia {unknown}
 i - a scroll of blinking {unknown}
 j - 2 scrolls of identify {unknown}
Potions
 g - a potion of lignification {unknown}


   Skills:
 + Level 2.6 Fighting
 - Level 2.0 Throwing
 + Level 4.0 Dodging
 - Level 1.0 Spellcasting
 - Level 3.0 Hexes


You had one spell level left.
You knew the following spells:

 Your Spells              Type           Power      Damage    Failure   Level
a - Corona                Hex            7%         N/A       12%         1
b - Slow                  Hex            7%         N/A       17%         2

Your spell library contained the following spells:

 Spells                   Type           Power      Damage    Failure   Level
 Inner Flame              Hex/Fire       4%         N/A       54%         3
 Portal Projectile        Hex/Tloc       8%         N/A       54%         3
 Cause Fear               Hex            3%         N/A       75%         4


Dungeon Overview and Level Annotations

Branches:
Dungeon (2/15)

Altars:


Innate Abilities, Weirdness & Mutations

((You are quick and stealthy near water. (Stealth+, EV+, Speed+++)))
Your lower body shifts to a powerful aquatic tail in water.


Message History

You hit the worm.
The worm is moderately wounded.
The worm bites you.
You hit the worm.
The worm is heavily wounded.
You hit the worm.
The worm is severely wounded.
The worm bites you.
You hit the worm.
The worm is almost dead.
The worm bites you.
* * * LOW HITPOINT WARNING * * *
You hit the worm but do no damage.
The worm is almost dead.
The worm barely misses you.
You hit the worm but do no damage.
The worm is almost dead.
The worm barely misses you.
You hit the worm.
The worm is almost dead.
You hit the worm.
The worm is almost dead.
The worm barely misses you.
You barely miss the worm.
The worm is almost dead.
The worm bites you but does no damage.
You hit the worm but do no damage.
The worm is almost dead.
The worm bites you.
* * * LOW HITPOINT WARNING * * *
You barely miss the worm.
The worm is severely wounded.
You barely miss the worm.
The worm is severely wounded.
The worm bites you.
* * * LOW HITPOINT WARNING * * *
You hit the worm.
The worm is almost dead.
The worm bites you.
You die...

##################
........<.......w#
######.#.#######@#
########.........#
≈≈≈≈≈≈≈######...##
......≈#........+
†⌠..⌠.≈######...#
......≈# #...#
......≈# #....
.⌠..⌠.≈# #.....
§§...§≈# #....##


You could see a worm.

Vanquished Creatures
  2 adders (D:2)
  3 bats
  3 endoplasms
  3 hobgoblins
  4 quokkas
  A ball python (D:1)
  3 frilled lizards
  A kobold (D:2)
  3 rats
23 creatures vanquished.

Vanquished Creatures (others)
  14 toadstools (D:1)
14 creatures vanquished.

Grand Total: 37 creatures vanquished

Notes
Turn   | Place    | Note
-------+----------+-------------------------------------------
     0 | D:1      | Strat the Merfolk Arcane Marksman began the quest for the
                  | Orb.
     0 | D:1      | Reached XP level 1. HP: 15/15 MP: 2/2
   171 | D:1      | Reached skill level 3 in Dodging
   440 | D:1      | Reached XP level 2. HP: 3/22 MP: 3/3
   712 | D:1      | Learned a level 2 spell: Slow
  1042 | D:1      | Found a faded altar of an unknown god.
  1498 | D:2      | Reached XP level 3. HP: 28/28 MP: 4/4
  1602 | D:2      | Reached skill level 4 in Dodging
  2049 | D:2      | Slain by a worm

Illustrated notes

Levels and vault maps discovered:
D:1:      nagdon_arrival_zigzag_paths, layout_basic,
          shapermc_ecumenical_altar_totnotflames, minmay_parallelograms,
          due_unseen_surprise
D:2:      layout_basic, hangedman_decor_points, kennysheep_generic_room_5,
          uniq_crazy_yiuf_cottage

Skill      XL: |  1  2  3 |
---------------+----------+-----
Dodging        | 3 4 |  4.0
Fighting       | 2 |  2.6
Throwing       | |  2.0
Spellcasting   | |  1.0
Hexes          | |  3.0

Action                   || total
-------------------------++-------
Melee: Hand axe          ||   102
       Unarmed           ||    13
Throw: Stone             ||    22
       Throwing net      ||     2
 Cast: Corona            ||     1
 Stab: Sleeping          ||     2
Armor: Leather armour    ||    33
Dodge: Dodged            ||   113
